 Dungeon Crawl Stone Soup version 0.16-a0-3911-g06eb01e (webtiles) character file.

6895 Minkie the Basher (level 10, -5/88 HPs)
             Began as a Minotaur Berserker on Feb 3, 2015.
             Was an Elder of Trog.
             Slain by Urug
             ... wielding a +0 great mace
              (9 damage)
             ... on level 10 of the Dungeon.
             The game lasted 00:32:38 (9378 turns).

Minkie the Basher (Minotaur Berserker)              Turns: 9378, Time: 00:32:38

Health: -5/88      AC: 16    Str: 23    XL:     10   Next: 79%
Magic:  4/4        EV: 13    Int:  4    God:    Trog [****..]
Gold:   498        SH:  0    Dex: 12    Spells: 0 memorised, 9 levels left

rFire  x . .     SeeInvis .     K - +2 morningstar (freeze) (curse)
rCold  + + .     Clarity  .     q - +0 ice dragon armour
rNeg   . . .     SustAb   .     (no shield)
rPois  .         Gourm    +     (helmet restricted)
rElec  .         Spirit   .     l - +0 cloak
rCorr  .         Warding  .     a - +0 pair of gloves
rMut   .         Stasis   .     h - +0 pair of boots
MR     .....                    z - amulet of the gourmand
Stlth  ..........               (no ring)
                                (no ring)

@: confused, exhausted, slowed, very slow, not resistant to hostile
enchantments, extremely unstealthy
A: retaliatory headbutt, horns 2
a: Burn Spellbooks, Berserk, Trog's Hand, Brothers in Arms, Renounce Religion


You were on level 10 of the Dungeon.
You worshipped Trog.
Trog was greatly pleased with you.
You were very full.

You visited 1 branch of the dungeon, and saw 10 of its levels.

You collected 530 gold pieces.
You spent 32 gold pieces at shops.

Inventory:

Hand weapons
 K - a cursed +2 morningstar of freezing (weapon)
Missiles
 I - 5 tomahawks (quivered)
Armour
 a - a +0 pair of gloves (worn)
 h - a +0 pair of boots (worn)
 l - a +0 cloak (worn)
 q - a +0 ice dragon armour (worn)
 w - a +0 large shield
Jewellery
 z - an amulet of the gourmand (around neck)
 E - an uncursed amulet of resist corrosion
Magical devices
 B - a wand of slowing (24)
Scrolls
 d - a scroll of enchant armour
 e - 2 scrolls of remove curse
 f - 2 scrolls of teleportation
 m - a scroll of fear
 v - 2 scrolls of blinking
 y - 3 scrolls of fog
 C - 3 scrolls of recharging {unknown}
 H - a scroll of noise {unknown}
 J - a scroll of magic mapping {unknown}
Potions
 b - 3 potions of might
 g - 2 potions of cure mutation
 i - 2 potions of invisibility
 n - a potion of haste
 o - 4 potions of curing
 s - a potion of lignification {unknown}
 t - a potion of brilliance {unknown}
 u - a potion of flight {unknown}
 A - a potion of beneficial mutation {unknown}
 D - 2 potions of berserk rage {unknown}
 F - a potion of heal wounds {unknown}
Miscellaneous
 r - a sack of spiders
Comestibles
 c - 9 bread rations
 j - 14 fruits
 k - 4 meat rations
 p - 2 royal jellies


   Skills:
 - Level 8.0 Fighting
 * Level 13.9 Maces & Flails
 + Level 8.8 Armour
 + Level 8.2 Dodging


You had 9 spell levels left.
You didn't know any spells.

Dungeon Overview and Level Annotations

Branches:
Dungeon (10/15)            Temple (0/1) D:6
   Lair: D:8-11         Orc: D:9-12

Altars:
Ashenzari
Fedhas
Kikubaaqudgha
Makhleb
Qazlal
Yredelemnul
Zin

Shops:
D:8 *   D:10 }

Annotations:
D:10 Urug


Innate Abilities, Weirdness & Mutations

You reflexively headbutt those who attack you in melee.
You have a pair of horns on your head.


Message History

You bump into the rock wall.
Urug hits you with a great mace!!
* * * LOW HITPOINT WARNING * * *
Drink which item? (? for menu, Esc to quit)
Okay, then.
You closely miss Urug.
Urug is lightly wounded.
Urug hits you but does no damage.
You're too confused to move!
Urug misses you.
You hit Urug but do no damage. You headbutt Urug, but do no damage.
Urug is lightly wounded.
Urug zaps a wand.
You easily resist.
Urug hits you with a great mace!!
* * * LOW HITPOINT WARNING * * *
Urug zaps a wand.
You easily resist.
You see here 15 gold pieces.
Urug barely misses you.
Urug zaps a wand.
You easily resist.
You see here 15 gold pieces.
Urug hits you with a great mace!
You die...

........ .....
########...##########
...(..........
............ #..........#
. #..........#
..##########..........#
..........(.....(.....###
.........@................
........(o$..((...∩.......
#########..#######..######
...................######
........................
.......############.....
#####.. #.#### #.. # #..


You could see Urug.

Vanquished Creatures
  A tengu warrior (D:9)
  3 ravens (D:9)
  A troll (D:10)
  A spriggan (D:8)
  6 yaks (D:9)
  A hippogriff (D:9)
  2 hungry ghosts (D:7)
  Menkaure (D:7)
  A water moccasin (D:9)
  3 orc warriors
  A sky beast (D:9)
  An eye of draining (D:9)
  An ice beast (D:8)
  A wasp (D:9)
  3 phantoms
  2 ogres
  A necrophage (D:5)
  Sigmund (D:6)
  2 big kobolds
  5 centaurs
  2 giant frogs
  Blork the orc (D:6)
  2 scorpions
  9 killer bees (D:9)
  9 wights (D:9)
  2 goliath beetles
  A quasit (D:9)
  5 crimson imps
  A giant frog zombie (D:9)
  2 hounds
  A centaur skeleton (D:4)
  A gnoll shaman (D:3)
  2 jellies (D:9)
  A worker ant (D:7)
  Natasha (thrice) (D:6)
  An iguana (D:7)
  6 orc wizards
  7 gnolls
  7 adders
  4 shadow imps
  3 worms
  3 giant mites
  An adder zombie (D:5)
  An ooze (D:4)
  21 orcs
  2 ball pythons
  A bat skeleton (D:7)
  5 giant cockroaches
  7 goblins
  13 hobgoblins
  7 jackals
  19 kobolds
  12 bats
  3 giant geckos
  A giant gecko skeleton (D:8)
  A giant gecko zombie (D:6)
  7 giant newts
  2 giant spores
  6 quokkas
  9 rats
  2 ballistomycetes
231 creatures vanquished.

Notes
Turn   | Place    | Note
--------------------------------------------------------------
     0 | D:1      | Minkie, the Minotaur Berserker, began the quest for the Orb.
     0 | D:1      | Reached XP level 1. HP: 19/19 MP: 1/1
   344 | D:1      | Reached skill level 4 in Maces & Flails
   356 | D:1      | Reached XP level 2. HP: 27/27 MP: 1/1
   879 | D:2      | Acquired Trog's second power
  1455 | D:2      | Reached XP level 3. HP: 32/34 MP: 2/2
  1915 | D:3      | Reached skill level 5 in Maces & Flails
  2044 | D:3      | Reached XP level 4. HP: 32/41 MP: 2/2
  2091 | D:3      | Reached skill level 5 in Fighting
  2368 | D:3      | Reached XP level 5. HP: 42/48 MP: 2/2
  2473 | D:3      | Found a burning altar of Makhleb.
  2568 | D:3      | Found a blossoming altar of Fedhas.
  3112 | D:3      | Found a stormy altar of Qazlal.
  3112 | D:3      | Found a basalt altar of Yredelemnul.
  3241 | D:3      | Reached skill level 6 in Maces & Flails
  3505 | D:4      | Acquired Trog's third power
  3554 | D:4      | Noticed an ogre
  3558 | D:4      | Killed an ogre
  3558 | D:4      | Reached XP level 6. HP: 57/57 MP: 3/3
  3636 | D:4      | Reached skill level 7 in Maces & Flails
  4244 | D:5      | Entered Level 5 of the Dungeon
  4408 | D:5      | Reached XP level 7. HP: 64/66 MP: 3/3
  5021 | D:6      | Noticed Sigmund
  5026 | D:6      | Killed Sigmund
  5026 | D:6      | Reached skill level 8 in Maces & Flails
  5243 | D:6      | Found a staircase to the Ecumenical Temple.
  5455 | D:6      | Noticed Natasha
  5459 | D:6      | Killed Natasha
  5478 | D:6      | Noticed Blork the orc
  5486 | D:6      | Killed Blork the orc
  5486 | D:6      | Reached XP level 8. HP: 60/74 MP: 3/3
  5541 | D:6      | Noticed Natasha
  5545 | D:6      | Killed Natasha
  5560 | D:6      | Noticed Natasha
  5563 | D:6      | Killed Natasha
  5632 | D:6      | Reached skill level 9 in Maces & Flails
  6099 | D:7      | Reached skill level 10 in Maces & Flails
  6109 | D:7      | Received a gift from Trog
  6347 | D:7      | Found an ancient bone altar of Kikubaaqudgha.
  6348 | D:7      | Noticed Menkaure
  6359 | D:7      | Killed Menkaure
  6359 | D:7      | Reached skill level 5 in Armour
  6772 | D:8      | Reached XP level 9. HP: 81/81 MP: 4/4
  6779 | D:8      | Reached skill level 5 in Dodging
  6819 | D:8      | Found a glowing silver altar of Zin.
  6858 | D:8      | Found Kheg's General Store.
  6867 | D:8      | Bought a scroll of identify for 32 gold pieces
  6961 | D:8      | Reached skill level 11 in Maces & Flails
  7014 | D:8      | Found a shattered altar of Ashenzari.
  7905 | D:9      | Noticed a tengu warrior
  7929 | D:9      | Killed a tengu warrior
  7929 | D:9      | Reached skill level 12 in Maces & Flails
  7935 | D:9      | Reached XP level 10. HP: 50/88 MP: 4/4
  8590 | D:9      | Reached skill level 13 in Maces & Flails
  8946 | D:9      | Paralysed by a wasp for 1 turns
  9199 | D:10     | Entered Level 10 of the Dungeon
  9332 | D:10     | Found Gregruja's Gadget Emporium.
  9343 | D:10     | Noticed Urug
  9375 | D:10     | HP: 3/88 [Urug/great mace (19)]
  9378 | D:10     | Slain by Urug

Action                   |  1- 3 |  4- 6 |  7- 9 | 10-12 || total
-------------------------+-------+-------+-------+-------++-------
Melee: Mace              |    71 |    62 |       |       ||   133
       Whip              |       |    79 |   231 |       ||   310
       Morningstar       |       |       |    38 |   177 ||   215
 Fire: Shortbow          |       |       |     1 |       ||     1
Invok: Berserk           |       |       |     2 |     1 ||     3
       Burn Spellbooks   |       |       |     1 |       ||     1
  Use: Scroll            |       |     6 |     8 |     2 ||    16
       Potion            |       |     1 |       |     1 ||     2
  Eat: Chunk             |     3 |     9 |    21 |    11 ||    44
